 Dungeon Crawl Stone Soup version 0.30-a0-799-g109b55a442 (webtiles) character file.

Game seed: 17387247263894761548

175 cforsyth the Magician (level 5, -10/35 HPs)
             Began as a Djinni Conjurer on Feb 21, 2023.
             Mangled by an ogre
             ... wielding a +0 giant club
              (13 damage)
             ... on level 4 of the Dungeon.
             The game lasted 00:04:50 (3385 turns).

cforsyth the Magician (Djinni Conjurer)             Turns: 3385, Time: 00:04:50

Health: -10/35     AC:  3    Str:  6    XL:     5   Next: 86%
Gold:   156        EV: 13    Int: 21    God:
                   SH:  0    Dex: 12

rFire   + + .      SeeInvis .    (no weapon)
rCold   . . .      Faith    .    (no shield)
rNeg    . . .      Spirit   .    a - +0 robe
rPois   ∞          Reflect  .    (no helmet)
rElec   .          Harm     .    n - +0 cloak
rCorr   .          Rampage  .    (no gloves)
Will    .....                    (boots unavailable)
Stlth   ++                       (no amulet)
HPRegen 0.25/turn                h - ring of protection from cold
MPRegen 0.00/turn                (no ring)

@: flying, very slightly contaminated
A: sickness immunity, fire resistance 2, cold vulnerability 1, float, innate
caster, HP casting, extra vitality 1
a: no special abilities


You were on level 4 of the Dungeon.
You visited 1 branch of the dungeon, and saw 4 of its levels.

You collected 156 gold pieces.

Inventory:

Armour
 a - a +0 robe (worn)
 n - a +0 cloak (worn)
Jewellery
 h - a ring of protection from cold (left hand)
Scrolls
 b - 3 scrolls of fog
 d - 5 scrolls of identify
 f - 2 scrolls of magic mapping
 i - a scroll of amnesia {unknown}
 j - 2 scrolls of enchant armour {unknown}
 k - a scroll of teleportation {unknown}
 l - a scroll of brand weapon {unknown}
Potions
 c - a potion of attraction {unknown}
 e - 4 potions of curing {unknown}
 g - a potion of mutation {unknown}
 m - a potion of flight {unknown}
 o - a potion of invisibility {unknown}


   Skills:
 + Level 4.0 Dodging
 + Level 3.1 Stealth
 + Level 4.0 Spellcasting


You knew the following spells:

 Your Spells              Type           Power      Damage    Failure   Level
a - Magic Dart            Conj           84%        1d7       2%          1
b - Searing Ray           Conj           42%        2d6       3%          2
c - Dazzling Flash        Conj/Hex       42%        N/A       7%          3
d - Fulminant Prism       Conj/Hex       10%        3d9       22%         4
e - Iskenderun's Mystic   Conj/Tloc      21%        2d6       22%         4
f - Summon Small Mammal   Summ           84%        N/A       2%          1
g - Static Discharge      Conj/Air       42%        2-4/arc   3%          2
Your spell library was empty.

Dungeon Overview and Level Annotations

Branches:
Dungeon (4/15)
 Temple: D:4-7

Altars:
Nemelex Xobeh


Innate Abilities, Weirdness & Mutations

You are immune to sickness and miasma.
You are immune to poison.
Your flesh is very heat resistant. (rF++)
You are vulnerable to cold. (rC-)
You float through the air rather than walking.
You learn spells naturally, not from books.
Your magical power is your life essence.
You have superior vitality. (+4 MHP)


Message History

Press: ? - help, Dir - move target You conjure a prism of explosive energy!
A fulminant prism comes into view.
Your fulminant prism crackles loudly.
The magic dart hits the phantom.
The phantom is lightly damaged.
Your fulminant prism explodes!
The blast of energy engulfs the phantom!
The phantom is heavily damaged.
The phantom hits you.
The phantom blinks!
You blink.
A ball python comes into view.
Something unseen opens the door.
The ball python hisses angrily.
You hear an angry hiss.
Casting: Magic Dart (safe; 2% risk of failure)
Confirm with . or Enter, or press ? or * to list all spells.
The spell is extremely dangerous to miscast (22% risk of failure)!
Continue anyway?
You erupt in a blast of force!
The mystic blast hits the phantom.
The phantom is heavily damaged.
The phantom is knocked back by the mystic blast.
* * * LOW HITPOINT WARNING * * *
You hear a shout!
A kobold comes into view. It is wielding a +0 whip.
An ogre comes into view. It is wielding a +0 giant club.
You feel yourself speed up.
The ogre shouts!
As you read the scroll labelled GENWE COJOSH, it crumbles to dust.
The scroll dissolves into smoke.
It was a scroll of fog.
The phantom hits you.
* * * LOW HITPOINT WARNING * * *
As you read the scroll labelled GEER REKHIARPH, it crumbles to dust.
It is a scroll of identify.
f - 2 scrolls of magic mapping The phantom barely misses you.
The kobold attacks as you move away! The kobold barely misses you.
The phantom hits you!
* * * LOW HITPOINT WARNING * * *
You hit the ball python but do no damage.
The phantom hits you but does no damage.
The ball python barely misses you. The ball python misses you.
The ogre hits you with a +0 giant club!
You die...

#.......#....#......#
#.......#....#......#
#.......'....#......#
##......##...#......#
###'######...#..>...#
##......##...+......##+####
.............#.............
.............#.§§S§........
##......###+##.§@W§........
##.<....#......§OK§§.......
#......#......§§§§........
#......#.......§§§........
#......#...........###'###
#......#...........# ...
#...)..+.....####### ..
#......#..... #......# ...


You could see an ogre, a phantom, a ball python and a kobold.

Vanquished Creatures
  Crazy Yiuf (D:3)
  Natasha (D:2)
  Robin (D:3)
  A gnoll (D:1)
  An adder (D:3)
  4 worms
  4 dart slugs
  6 ball pythons
  10 endoplasms
  3 giant cockroaches
  6 hobgoblins
  A quokka (D:3)
  8 bats
  6 frilled lizards
  8 goblins
  7 kobolds
  5 rats
73 creatures vanquished.

Vanquished Creatures (others)
  6 fulminant prisms
  3 plants (D:2)
9 creatures vanquished.

Grand Total: 82 creatures vanquished

Notes
Turn   | Place    | Note
-------+----------+-------------------------------------------
     0 | D:1      | cforsyth the Djinni Conjurer began the quest for the Orb.
     0 | D:1      | cforsyth set off with the following spells memorised: Magic
                  | Dart, Searing Ray, Dazzling Flash, Fulminant Prism,
                  | Iskenderun's Mystic Blast.
     0 | D:1      | Reached XP level 1. HP: 15/15 MP: 0/0
    59 | D:1      | Reached XP level 2. HP: 18/21 MP: 0/0
   203 | D:1      | Reached XP level 3. HP: 20/25 MP: 0/0
   203 | D:1      | Learned a level 1 spell: Summon Small Mammal
   931 | D:2      | Reached XP level 4. HP: 21/31 MP: 0/0
   977 | D:2      | Noticed Natasha
   983 | D:2      | Killed Natasha
  1728 | D:3      | Found a faded altar of an unknown god.
  1799 | D:3      | Reached XP level 5. HP: 30/35 MP: 0/0
  1799 | D:3      | Learned a level 2 spell: Static Discharge
  1830 | D:3      | Found a runed translucent door.
  1831 | D:3      | Noticed Crazy Yiuf
  1849 | D:3      | Noticed Robin
  1858 | D:3      | HP: 1/35 [/static electricity (4)]
  2099 | D:3      | Killed Robin
  2872 | D:3      | Found a sparkling altar of Nemelex Xobeh.
  3212 | D:3      | Killed Crazy Yiuf
  3367 | D:4      | Noticed a phantom
  3380 | D:4      | Noticed an ogre
  3385 | D:4      | Mangled by an ogre

Illustrated notes

Levels and vault maps discovered:
D:1:      dpeg_arrival_simpleton_b, layout_basic
D:2:      layout_loops_ring, serial_forest, infiniplex_forest_clump_C,
          infiniplex_forest_corner_1, infiniplex_forest_clump_C,
          infiniplex_forest_lined_3, infiniplex_forest_lined_1,
          infiniplex_forest_end_1, infiniplex_forest_end_1,
          minmay_misc_feat_more_columns, uniq_natasha
D:3:      layout_basic, gammafunk_temple_overflow_statue,
          nicolae_ecumenical_oubliette, serial_co_window_serial,
          co_window_corner_a, co_window_paths_a, co_window_paths_b,
          co_window_paths_a, co_window_paths_a, co_window_cross_1,
          co_window_of_opportunity_a, co_window_paths_a,
          co_window_of_opportunity_a, co_window_unsneaky_path_e,
          co_window_corner_b, co_window_corner_b, co_window_corner_b,
          co_window_unsneaky_path_d, co_window_corner_b,
          co_window_of_opportunity_b, glass_columns_a,
          chequers_serial_rivers_small_3, uniq_crazy_yiuf_cottage, uniq_robin
D:4:      layout_gridville, kennysheep_mini

Skill      XL: |  1  2  3  4  5 |
---------------+----------------+-----
Stealth        | 2 3 |  3.1
Dodging        | 3 4 |  4.0
Spellcasting   | 4 |  4.0

Action                     |  1- 3 |  4- 6 || total
---------------------------+-------+-------++-------
  Melee: Unarmed           |       |     1 ||     1
   Cast: Magic Dart        |    69 |    96 ||   165
         Fulminant Prism   |       |     6 ||     6
         Static Discharge  |       |     5 ||     5
         Iskenderun's Myst |       |     1 ||     1
    Use: Scroll            |       |     2 ||     2
 Armour: Robe              |     1 |     3 ||     4
  Dodge: Dodged            |     4 |    13 ||    17

Table legend: (Time is in decaauts)
 A = Elapsed time spent in this place.
 B = Non-inter-level travel time spent in this place.
 C = Inter-level travel time spent in this place.
 D = Time resting spent in this place.
 E = Time spent auto-exploring this place.
 F = Levels seen in this place.
 G = Mean time per level.
                   A        B        C        D        E       F      G
               +--------+--------+--------+--------+--------+-----+--------+
         Total |   3388 |   3298 |     90 |    239 |   2674 |   4 |  847.0 |
       Dungeon |   3388 |   3298 |     90 |    239 |   2674 |   4 |  847.0 |
               +--------+--------+--------+--------+--------+-----+--------+

Top non-repeatable levels by time:
     D:3: 1320 daAuts
     D:2: 1289 daAuts
     D:1: 701 daAuts
     D:4: 77 daAuts
